AoeStats
← MladejBaller

Four Lakes

510101435Analyzed
1v1 RM · 3d ago on Sep 29, 2026· 33m 44s· 2 players
Game mode
Random Map
Map size
Tiny (2 player)
Population
200
Speed
Normal
Resources
Standard
Victory
Conquest
Starting age
Dark Age
Ending age
Imperial Age
RankedLock teamsTeams togetherTeam positionsShared explorationLock speedFull tech treeHidden civsTurbo modeCheats
Victory
Defeat
🇨🇿 Vikings · Czechia
586
+16
🇪🇸 Franks · Spain
596
-32
MladejBaller
12:07 Feudal Age
16:00 Fishing Lines
16:34 Double-Bit Axe
20:25 Castle Age
22:04 Forging
27:14 Fletching
27:43 Scale Barding Armor
30:35 Imperial Age
30:37 Loom
31:28 Bodkin Arrow
31:59 Town Watch
kriegtrader
14:05 Feudal Age
15:39 Fishing Lines
29:06 Castle Age
Connection lost

Rejoining the realm…

Still unreachable

The connection could not be restored.

Session expired

The server has moved on; the page needs a fresh start.